Map: 워터폴

Players

PattyMac - Winner!

  • Race: Protoss Protoss
  • Spawn Location: 1:00

Jinioh

  • Race: Terran Terran
  • Spawn Location: 7:00

Event: DreamHack SC2 Masters 2022 Atlanta (Offline)

VOD

Have the link to the VOD?

Description

Time

  • Played on: Nov. 18, 2022, 3:03 p.m.
  • Length: 8:37

All games in this series

Show
View Real Time Build Order
Export as new Build Order

PattyMac Protoss - Winner!

Build Orders: 1 Gate Expand, Blink Stalkers 

Get SALT Encoding   

  12  0:00  Probe  
  13  0:12  Probe  
  14  0:16  Pylon  
  14  0:24  Probe (Chrono Boost)  
  15  0:36  Gateway, Probe (Chrono Boost)  
  16  0:44  Probe (Chrono Boost)  
  16  0:45  Assimilator  
  17  0:51  Probe  
  18  0:58  Gateway  
  18  1:03  Probe  
  19  1:23  Cybernetics Core  
  19  1:37  Nexus  
  19  1:43  Pylon  
  19  1:46  Probe  
  20  1:59  Adept (Chrono Boost)  
  20  2:00  Warp Gate  
  22  2:05  Adept (Chrono Boost), Probe  
  25  2:10  Assimilator  
  25  2:18  Probe  
  25  2:21  Adept (Chrono Boost)  
  28  2:39  Probe  
  28  2:40  Adept  
  31  2:44  Twilight Council  
  31  2:52  Probe (Chrono Boost)  
  31  2:55  Probe (Chrono Boost)  
  32  3:04  Probe (Chrono Boost)  
  34  3:10  Probe (Chrono Boost)  
  34  3:11  Probe (Chrono Boost)  
  34  3:12  Robotics Facility  
  35  3:17  Probe  
  35  3:18  Probe  
  37  3:23  Blink (Chrono Boost)  
  35  3:29  Probe  
  35  3:30  Probe  
  37  3:42  Gateway  
  37  3:44  Gateway  
  37  3:49  Probe x2  
  37  3:55  Stalker  
  41  4:00  Observer  
  41  4:01  Probe  
  43  4:03  Probe, Pylon  
  43  4:09  Stalker  
  46  4:13  Pylon  
  46  4:20  Assimilator  
  46  4:21  Probe  
  46  4:22  Stalker  
  49  4:25  Probe  
  50  4:34  Stalker  
  52  4:40  Stalker  
  52  4:49  Shield Battery, Stalker  
  54  4:52  Stalker  
  54  4:56  Pylon  
  56  5:07  Stalker x2  
  56  5:10  Pylon  
  56  5:12  Pylon  
  58  5:19  Stalker  
  58  5:20  Stalker  
  49  5:36  Stalker x2  
  40  5:50  Probe (Chrono Boost)  
  40  5:55  Probe (Chrono Boost)  
  42  6:00  Probe (Chrono Boost)  
  42  6:03  Probe (Chrono Boost)  
  40  6:05  Stalker x2  
  44  6:14  Probe  
  45  6:20  Probe  
  45  6:33  Probe x2  
  45  6:34  Stalker x3  
  47  6:45  Probe x2 (Chrono Boost)  
  49  6:51  Observer  
  49  6:56  Observer, Probe x2 (Chrono Boost)  
  49  7:01  Observer, Probe (Chrono Boost)  
  52  7:04  Probe  
  52  7:07  Dark Shrine  
  54  7:09  Observer  
  54  7:11  Probe, Pylon  
  53  7:23  Stalker x2  
  57  7:35  Stalker x2  
  60  7:44  Stalker x2  
  64  7:54  Probe  
  64  7:55  Probe  
  64  7:57  Pylon  
  66  8:00  Shield Battery  
  66  8:04  Observer  
  66  8:06  Stalker x2  
  70  8:14  Gateway  
  70  8:23  Dark Templar x2  
  72  8:28  Stalker  
Show
View Real Time Build Order
Export as new Build Order

Jinioh Terran 

Build Orders: Cyclone Opening 

Get SALT Encoding   

  12  0:00  SCV  
  13  0:12  SCV  
  14  0:17  Supply Depot  
  14  0:24  SCV  
  15  0:38  SCV  
  15  0:40  Barracks  
  16  0:43  Refinery  
  16  0:50  SCV  
  16  0:52  Refinery  
  17  1:03  SCV  
  18  1:06  Supply Depot  
  18  1:15  SCV  
  19  1:27  Reaper  
  19  1:28  Orbital Command  
  20  1:42  Factory  
  20  1:56  Barracks  
  20  2:04  Barracks Reactor, SCV  
  21  2:10  Supply Depot  
  21  2:16  SCV  
  22  2:25  Factory Tech Lab  
  22  2:28  SCV  
  23  2:40  Marine x2  
  23  2:44  Cyclone, Marine  
  28  2:50  SCV  
  30  2:58  Marine x2  
  30  3:00  Supply Depot  
  30  3:02  Marine  
  33  3:12  Starport  
  33  3:16  Marine  
  34  3:25  Marine x2  
  36  3:34  Siege Tank, Marine  
  39  3:43  Marine  
  39  3:45  Marine  
  41  3:48  Medivac  
  41  3:51  Marine  
  41  3:55  Supply Depot  
  46  4:11  Siege Tank  
  46  4:15  Supply Depot  
  46  4:16  Marine x3  
  50  4:25  Liberator  
  50  4:34  Marine x2  
  52  4:41  Marine  
  52  4:44  Siege Tank  
  56  4:55  Marine x2  
  56  4:59  Marine  
  53  5:13  Marine x2  
  55  5:18  Liberator  
  55  5:20  Marine  
  56  5:30  Marine x2  
  52  5:38  SCV, Marine  
  44  5:48  Siege Tank, Marine  
  44  5:51  Marine  
  41  6:02  Marine  
  38  6:06  Marine  
  38  6:09  Marine  
  40  6:13  SCV  
  36  6:20  Marine  
  36  6:22  Siege Tank  
  36  6:24  Marine  
  40  6:26  Marine  
  39  6:37  Marine  
  39  6:38  SCV  
  41  6:42  Marine  
  41  6:44  Liberator, Marine  
  43  6:55  Marine  
  43  6:58  Siege Tank  
  43  6:59  Marine  
  47  7:02  Marine  
  48  7:13  Marine  
  49  7:17  Marine  
  49  7:20  Marine  
  47  7:31  Marine  
  47  7:33  Siege Tank  
  47  7:35  Marine  
  52  7:38  Marine  
  52  7:49  Marine  
  52  7:53  Marine  
  52  7:55  Marine  
  53  8:05  Siege Tank  
  56  8:06  Marine  
  56  8:11  Marine  
  58  8:13  Marine  
Tags
 
Add a new tag
Caveats
  • Supply blocks, unpowered buildings, or Contaminate may cause inaccurate times.
  • Supply counts are checked every 10 seconds.